 Dungeon Crawl Stone Soup version 0.25-a0-1073-gf4359a17dd (webtiles) character file.

Game seed: 13586569849721040326, levelgen mode: deterministic

11022 Error4North the Cleaver (level 11, -5/99 HPs)
             Began as a Minotaur Fighter on May 10, 2020.
             Killed from afar by an electric eel (9 damage)
             ... with a bolt of electricity
             ... on level 11 of the Dungeon on May 14, 2020.
             The game lasted 00:41:25 (11176 turns).

Error4North the Cleaver (Minotaur Fighter)         Turns: 11176, Time: 00:41:25

Health: -5/99      AC: 17    Str: 24    XL:     11   Next: 43%
Magic:  10/10      EV: 10    Int:  5    God:
Gold:   457        SH: 11    Dex: 10    Spells: 10/10 levels left

rFire    . . .     SeeInvis .   a - +0 war axe
rCold    + . .     Gourm    .   c - +0 kite shield
rNeg     + . .     Faith    .   A - +2 chain mail {rN+}
rPois    .         Spirit   .   (helmet restricted)
rElec    .         Reflect  .   (no cloak)
rCorr    .         Harm     .   (no gloves)
MR       .....                  (no boots)
Stlth    ..........             (no amulet)
HPRegen  0.26/turn              t - +1 ring of protection
MPRegen  0.12/turn              (no ring)

@: no status effects
A: retaliatory headbutt, horns 2, icy blue scales 1, cold resistance 1, wild
magic 1
a: no special abilities


You were on level 11 of the Dungeon.
You were not hungry.

You visited 1 branch of the dungeon, and saw 11 of its levels.
You also visited: Ossuary.

You collected 543 gold pieces.
You spent 86 gold pieces at shops.

Inventory:

Hand Weapons
 a - a +0 war axe (weapon)
Missiles
 d - 9 boomerangs (quivered)
Armour
 c - a +0 kite shield (worn)
 A - a +2 chain mail of positive energy (worn)
Jewellery
 t - a +1 ring of protection (left hand)
Wands
 b - a wand of flame (4)
 k - a wand of polymorph (16)
 B - a wand of random effects (32)
 D - a wand of enslavement (8)
 F - a wand of acid (12)
 G - a wand of iceblast (13)
 I - a wand of paralysis (11)
Scrolls
 e - 10 scrolls of identify
 g - 2 scrolls of immolation
 h - 2 scrolls of magic mapping
 j - a scroll of teleportation
 n - a scroll of enchant armour
 p - 3 scrolls of fog
 q - 2 scrolls of amnesia
 u - 2 scrolls of remove curse
 w - a scroll of blinking {unknown}
 y - 2 scrolls of enchant weapon {unknown}
 C - a scroll of random uselessness {unknown}
Potions
 i - 4 potions of curing
 l - a potion of haste
 m - 2 potions of berserk rage
 o - a potion of resistance
 v - a potion of magic
 z - a potion of flight
Comestibles
 f - 23 rations
 r - 5 chunks of flesh


   Skills:
 * Level 9.9 Fighting
 + Level 11.6 Axes
 + Level 0.1 Throwing
 * Level 11.3 Armour
 * Level 7.6 Dodging
 + Level 0.7 Stealth
 + Level 9.0 Shields
 + Level 0.1 Evocations


You had 10 spell levels left.
You didn't know any spells.
Your spell library contained the following spells:

 Spells                   Type           Power        Failure   Level  Hunger
 Animate Skeleton         Necr           N/A          100%        1    ##.....
 Apportation              Tloc           #.....       100%        1    ##.....
 Corona                   Hex            #......      100%        1    ##.....
 Foxfire                  Conj/Fire      #...         100%        1    ##.....
 Freeze                   Ice            #...         100%        1    ##.....
 Summon Butterflies       Summ           #.......     100%        1    ##.....
 Summon Small Mammal      Summ           #...         100%        1    ##.....
 Poisonous Vapours        Pois/Air       #.....       100%        2    ###....
 Conjure Flame            Conj/Fire      #.......     100%        3    ####...
 Frozen Ramparts          Ice            #.....       100%        3    ####...
 Inner Flame              Hex/Fire       #.......     100%        3    ####...
 Lesser Beckoning         Tloc           #.........   100%        3    ####...
 Mephitic Cloud           Conj/Pois/Air  #.......     100%        3    ####...
 Ozocubu's Armour         Chrm/Ice       #.......     100%        3    ####...
 Tukima's Dance           Hex            #.......     100%        3    ####...
 Hailstorm                Conj/Ice       #.......     100%        4    #####..
 Sticky Flame             Conj/Fire      #.......     100%        4    #####..
 Summon Ice Beast         Ice/Summ       #.......     100%        4    #####..
 Alistair's Intoxication  Tmut/Pois      #.......     100%        5    ######.
 Fireball                 Conj/Fire      #.........   100%        5    ######.
 Freezing Cloud           Conj/Ice/Air   #.........   100%        6    #######
 Invisibility             Hex            #.......     100%        6    #######
 Ring of Flames           Chrm/Fire      #.........   100%        7    #######


Dungeon Overview and Level Annotations

Branches:
Dungeon (11/15)            Temple (0/1) D:4            Lair (0/6) D:11
Ossuary (visited)
    Orc: D:9-12

Altars:
Kikubaaqudgha
Qazlal
Sif Muna
Xom

Shops:
D:4 (   D:5 !:!*[   D:9 !   D:10 (


Innate Abilities, Weirdness & Mutations

You reflexively headbutt those who attack you in melee.
You have a pair of horns on your head.
You are partially covered in icy blue scales. (AC +2)
Your flesh is cold resistant. (rC+)
Your spells are a little harder to cast, but a little more powerful.


Message History

The electric eel shoots out a bolt of lightning at you!
The bolt of electricity hits you! The bolt of electricity hits you.
The bolt of electricity hits the electric eel.
The electric eel completely resists.
The green ugly thing kicks you!
The electric eel shoots out a bolt of lightning at you!
The bolt of electricity hits you. The bolt of electricity hits you!
* * * LOW HITPOINT WARNING * * *
The electric eel shoots out a bolt of lightning at you!
The bolt of electricity hits you!
* * * LOW HITPOINT WARNING * * *
The bolt of electricity hits you.
* * * LOW HITPOINT WARNING * * *
The electric eel shoots out a bolt of lightning at you!
The bolt of electricity hits you.
* * * LOW HITPOINT WARNING * * *
You block the jelly's attack.
The electric eel shoots out a bolt of lightning at you!
The bolt of electricity hits you!
You die...

#....#### #. ###
#.#..... #.
..####...###########.
#.#.......o.........
#..≈≈≈≈≈≈≈≈≈≈≈≈≈≈≈≈
#a9≈≈≈≈≈≈≈≈≈≈≈≈≈≈≈≈
#..≈;##############
#uJ≈≈# ##@≈≈# #.≈≈#
#.≈≈# #.≈≈# #.≈≈#
########## #.≈≈≈
≈≈≈≈≈≈≈≈≈≈ ..≈≈≈≈
≈≈≈≈≈≈≈≈≈≈ .......
....E..†.. #######.##


You could see a green ugly thing, a gargoyle, a jelly, a worker ant, an electric
eel and an orc.

Vanquished Creatures
  Erica (D:9)
  2 two-headed ogres
  A harpy (shapeshifter) (D:8)
  Psyche (D:9)
  A hornet (D:11)
  Grinder (D:4)
  2 trolls (D:10)
  5 hippogriffs
  Sigmund (D:6)
  A water elemental (D:11)
  A wraith (D:10)
  Eustachio (D:4)
  A hungry ghost (D:8)
  Edmund (D:4)
  Duvessa (D:4)
  Menkaure (D:4)
  7 orc warriors
  5 ice beasts
  3 sky beasts
  2 black bears
  3 phantoms
  6 ogres
  The ghost of bmj180 the Conjurer, an amateur DrCj (D:3)
  4 centaurs
  3 big kobolds
  Blork the orc (D:4)
  4 bullfrogs
  Dowan (D:4)
  A water moccasin skeleton (D:8)
  2 jellies
  3 howler monkeys (D:9)
  A bullfrog zombie (D:7)
  5 crimson imps
  A quasit (D:6)
  2 centaur skeletons
  5 hounds
  11 orc priests
  2 bullfrog skeletons (D:8)
  A centaur zombie (D:10)
  6 orc wizards
  Natasha (twice) (D:4)
  4 iguanas
  8 worker ants
  2 hound skeletons
  3 mummies (Ossuary)
  A worker ant zombie (D:10)
  9 gnolls
  A howler monkey skeleton (D:4)
  11 adders
  A river rat (D:3)
  3 shadow imps
  An ooze (D:6)
  10 adder zombies
  2 worms (D:2)
  2 dart slugs (D:1)
  3 leopard geckos
  40 orcs
  5 giant cockroaches
  6 goblins
  8 hobgoblins
  5 jackals
  16 kobolds
  A quokka (D:2)
  2 ball pythons
  5 bats
  4 frilled lizards
  4 goblin zombies (Ossuary)
  3 hobgoblin zombies (Ossuary)
  A kobold zombie (Ossuary)
  A leopard gecko skeleton (D:4)
  A quokka skeleton (D:8)
  3 quokka zombies
  5 rats
  2 rat zombies (Ossuary)
277 creatures vanquished.

Notes
Turn   | Place    | Note
-------+----------+-------------------------------------------
     0 | D:1      | Error4North the Minotaur Fighter began the quest for the
                  | Orb.
     0 | D:1      | Reached XP level 1. HP: 19/19 MP: 0/0
    92 | D:1      | Reached XP level 2. HP: 27/27 MP: 1/1
   484 | D:2      | Reached XP level 3. HP: 22/33 MP: 2/2
   968 | D:2      | Reached XP level 4. HP: 36/40 MP: 3/3
   972 | D:2      | Reached skill level 1 in Dodging
   977 | D:2      | Found a white marble altar of Elyvilon.
   979 | D:2      | Found a sacrificial altar of Ru.
   979 | D:2      | Found a stormy altar of Qazlal.
   981 | D:2      | Found an ancient bone altar of Kikubaaqudgha.
   981 | D:2      | Found a shimmering blue altar of Sif Muna.
   981 | D:2      | Found a shimmering altar of Xom.
  1397 | D:3      | Found a runed translucent door.
  1403 | D:3      | Noticed bmj180's ghost (amateur DrCj)
  1469 | D:3      | Killed bmj180's ghost
  1469 | D:3      | Reached XP level 5. HP: 17/47 MP: 4/4
  1473 | D:3      | Found a runed translucent door.
  2044 | D:4      | Noticed Edmund
  2053 | D:4      | Killed Edmund
  2053 | D:4      | Reached skill level 5 in Armour
  2053 | D:4      | Reached XP level 6. HP: 46/53 MP: 5/5
  2195 | D:4      | Noticed Menkaure
  2208 | D:4      | Noticed Blork the orc
  2559 | D:4      | Noticed Grinder
  2560 | D:4      | Noticed Eustachio
  2638 | D:4      | Killed Grinder
  2638 | D:4      | Reached skill level 5 in Fighting
  2638 | D:4      | Reached skill level 5 in Axes
  2638 | D:4      | Reached skill level 5 in Shields
  2638 | D:4      | Reached XP level 7. HP: 59/61 MP: 6/6
  2664 | D:4      | Killed Blork the orc
  2665 | D:4      | Killed Menkaure
  2946 | D:4      | Noticed Natasha
  2958 | D:4      | Killed Natasha
  3083 | D:4      | Noticed Duvessa
  3083 | D:4      | Noticed Dowan
  3118 | D:4      | Found Sutumnon's Weapon Emporium.
  3133 | D:4      | Gained mutation: You are partially covered in icy blue
                  | scales. (AC +2) [potion of mutation]
  3133 | D:4      | Gained mutation: Your flesh is cold resistant. (rC+)
                  | [potion of mutation]
  3133 | D:4      | Gained mutation: Your spells are a little harder to cast,
                  | but a little more powerful. [potion of mutation]
  3134 | D:4      | Killed Dowan
  3150 | D:4      | Killed Duvessa
  3150 | D:4      | Reached XP level 8. HP: 30/70 MP: 7/7
  3372 | D:4      | Killed Eustachio
  3747 | D:4      | Found a shimmering blue altar of Sif Muna.
  3864 | D:4      | Noticed Natasha
  3869 | D:4      | Killed Natasha
  4109 | D:4      | Found a staircase to the Ecumenical Temple.
  4149 | D:5      | Entered Level 5 of the Dungeon
  4155 | D:5      | Found Jeulo's Armour Boutique.
  4359 | D:5      | Found Bapul's Distillery.
  4370 | D:5      | Found Aghec's General Store.
  4373 | D:5      | Bought a potion of degeneration for 11 gold pieces
  4382 | D:5      | Bought a scroll of enchant armour for 75 gold pieces
  4428 | D:5      | Found Huisy's Book Boutique.
  4543 | D:5      | Found Oryazxio's Distillery.
  5397 | D:6      | Reached XP level 9. HP: 65/78 MP: 8/8
  5634 | D:6      | Noticed Sigmund
  5650 | D:6      | Killed Sigmund
  5650 | D:6      | Reached skill level 5 in Dodging
  6178 | D:7      | Found a sand-covered staircase.
  6194 | Ossuary  | Entered an ossuary
  7192 | D:8      | Noticed a jumping spider
  7206 | D:8      | Noticed a harpy
  7229 | D:8      | Killed a harpy
  7507 | D:8      | Reached XP level 10. HP: 70/88 MP: 9/9
  8100 | D:8      | Reached skill level 10 in Armour
  8269 | D:9      | Noticed Psyche
  8281 | D:9      | Noticed Erica
  8282 | D:9      | Killed Psyche
  8299 | D:9      | Killed Erica
  8299 | D:9      | Reached skill level 10 in Axes
  8999 | D:9      | Upgraded the game from 0.25-a0-992-gca090100c3 to
                  | 0.25-a0-1007-g10a8c3caa8
  9164 | D:9      | Found Cyroeffe's Distillery.
  9467 | D:10     | Entered Level 10 of the Dungeon
  9474 | D:10     | Noticed a two-headed ogre
  9532 | D:10     | Reached XP level 11. HP: 65/97 MP: 10/10
 10019 | D:10     | Killed a two-headed ogre
 10261 | D:10     | Found Ziuracer's Weapon Emporium.
 10285 | D:10     | Upgraded the game from 0.25-a0-1007-g10a8c3caa8 to
                  | 0.25-a0-1073-gf4359a17dd
 10531 | D:11     | Paralysed by a hornet for 2 turns
 11008 | D:11     | Noticed a two-headed ogre
 11015 | D:11     | Killed a two-headed ogre
 11120 | D:11     | Found a staircase to the Lair.
 11125 | D:11     | Noticed a green ugly thing
 11173 | D:11     | HP: 3/99 [electric eel/bolt of electricity (6)]
 11176 | D:11     | Killed from afar by an electric eel

Illustrated notes

Levels and vault maps discovered:
D:1:      minmay_arrival_four_loops, layout_rooms
D:2:      layout_loops_ring, doesnt_xom_only_xom
D:3:      layout_rooms, ebering_ghost_sewer_f, grunt_decor_arrowhead
D:4:      layout_loops_corners, lemuel_crystal_altar,
          minmay_temple_entry_from_below_a, first_ration, serial_bayou_pond_e,
          minmay_shop_grid_forest, uniq_grinder, uniq_eustachio, uniq_natasha,
          uniq_duvessa, uniq_blork_the_orc, uniq_menkaure, uniq_edmund
D:5:      layout_basic, serial_shops, shop, shop_statue, shop, shop, shop,
          palyth_stone_intersect
D:6:      layout_loops_cross, hangedman_decor_peaks_small, uniq_sigmund
D:7:      layout_cave_pods, nicolae_ossuary_entry_false_entrances
D:8:      layout_gridville
D:9:      layout_rooms, serial_shops, kennysheep_mini, special_room
          [special_room_orc], uniq_erica, uniq_psyche
D:10:     layout_loops_ring, serial_shops,
          nicolae_shop_temple_entry_statues_fountains, blue_anna_alchemist
          [blue_anna_fruit_fields, blue_anna_fruit_fields]
D:11:     layout_loops_corners, lair_entry_dummy, erik_orc_2,
          lightli_wizard_tower

Skill      XL: |  1  2  3  4  5  6  7  8  9 10 11 |
---------------+----------------------------------+-----
Shields        | 4 5 6 7 8 9 |  9.0
Armour         | 4 5 6 8 9 10 11 | 11.3
Fighting       | 4 5 6 7 9 |  9.9
Axes           | 3 4 5 6 7 9 10 11 | 11.6
Dodging        | 1 2 3 4 6 7 |  7.6
Throwing       | |  0.1
Stealth        | |  0.7
Evocations     | |  0.1

Action                   |  1- 3 |  4- 6 |  7- 9 | 10-12 || total
-------------------------+-------+-------+-------+-------++-------
Melee: War axe           |    73 |    83 |   344 |   372 ||   872
       Headbutt          |    16 |    18 |    58 |    73 ||   165
Throw: Boomerang         |       |       |       |     8 ||     8
Evoke: Wand              |     2 |       |       |       ||     2
  Use: Potion            |       |     1 |     7 |     6 ||    14
       Scroll            |       |       |       |    11 ||    11
  Eat: Chunk             |       |     5 |    14 |    15 ||    34
       Ration            |       |       |     1 |       ||     1
Armor: Scale mail        |    29 |    27 |    26 |       ||    82
       Chain mail        |       |       |   125 |   132 ||   257
Dodge: Dodged            |    30 |    22 |   117 |   112 ||   281
Block: Kite shield       |    45 |    49 |   211 |   216 ||   521

Table legend:
 A = Non-vault XP
 B = Vault XP
 C = Vault XP percentage of total XP
 D = Non-vault monster count
 E = Vault monster count
 F = Vault count percentage of total count
                 A         B        C        D         E       F
            +---------+---------+-------+---------+---------+-------
      Total |   11892 |    3855 |  24.5 |     216 |      61 |  22.0
            +---------+---------+-------+---------+---------+-------
        D:1 |      35 |       0 |   0.0 |      19 |       0 |   0.0
        D:2 |     102 |       0 |   0.0 |      23 |       0 |   0.0
        D:3 |      30 |     142 |  82.6 |       9 |       5 |  35.7
        D:4 |     336 |    1167 |  77.6 |      18 |       8 |  30.8
        D:5 |     155 |       0 |   0.0 |       7 |       0 |   0.0
        D:6 |     994 |     231 |  18.9 |      19 |       1 |   5.0
        D:7 |    1361 |       0 |   0.0 |      27 |       0 |   0.0
        D:8 |    1866 |       3 |   0.2 |      22 |       1 |   4.3
        D:9 |    1772 |    1897 |  51.7 |      28 |      21 |  42.9
       D:10 |    2957 |      97 |   3.2 |      27 |       1 |   3.6
       D:11 |    2284 |     218 |   8.7 |      17 |       3 |  15.0
    Ossuary |       0 |     100 | 100.0 |       0 |      21 | 100.0
            +---------+---------+-------+---------+---------+-------
